 Dungeon Crawl Stone Soup version 0.27-b1-42-g19c61b19a5 (webtiles) character file.

Game seed: 4904531853852297242

245410 Amplified the Warrior (level 19, -18/142 HPs)
             Began as a Palentonga Ice Elementalist on July 29, 2021.
             Was an Elder of the Shining One.
             Shot with an arrow by a deep elf archer (23 damage)
             ... on level 2 of the Elven Halls.
             The game lasted 01:20:07 (33694 turns).

Amplified the Warrior (PaIE)                       Turns: 33694, Time: 01:20:08

Health: -18/142    AC: 29    Str: 15 (16) XL:     19   Next: 17%
Magic:  17/31      EV: 25    Int: 28 (29) God:    the Shining One [****..]
Gold:   796        SH:  0    Dex:  6 (8)  Spells: 13/25 levels left

rFire    + + .     SeeInvis +   l - +6 shillelagh "Devastator" {shatter}
rCold    . . .     Faith    .   (no shield)
rNeg     + + +     Spirit   .   A - +3 ring mail "Reim" {rN+ Regen+}
rPois    +         Reflect  .   D - +2 helmet
rElec    +         Harm     .   S - +1 cloak
rCorr    +         Rampage  .   F - +2 pair of gloves
Will     +....     Rnd*Rage +   (no barding) Stlth +.........Rnd*Tele +
                                Y - amulet of Eteunoas {Acrobat rElec rPois rF- Regen+}
HPRegen  0.00/turn              E - ring "Rimed" {rElec rF+ rN++ Str+2 Dex+2}
MPRegen  0.22/turn              t - ring "Puopu" {Fire rCorr Int+7 Stlth+}

@: mighty, resistant, unable to read, acrobatic, badly diseased, glowing, curled
up
A: large, rugged brown scales 3, see invisible, deformed body, roll 1, armoured
tail, reflexive curl, stinger 1, iridescent scales 1, subdued magic 1,
MP-powered wands, [berserk 2], [clumsy 2], [deterioration 2], [frail 2],
[teleportitis 2], [no potion heal 2], [inability to read while threatened]
}: 1/15 runes: barnacled
a: Rolling Charge, Renounce Religion, Divine Shield, Cleansing Flame


You were on level 2 of the Elven Halls.
You worshipped the Shining One.
The Shining One was greatly pleased with you.
You visited 6 branches of the dungeon, and saw 31 of its levels.
You visited the Abyss 2 times.
You visited 1 bazaar.
You also visited: Sewer, Gauntlet and Ice Cave.

You collected 3299 gold pieces.
You spent 2503 gold pieces at shops.

Inventory:

Hand Weapons
 l - the +6 shillelagh "Devastator" (weapon) {shatter}
   (You found it on level 4 of the Dungeon)

   It releases a powerful concussive burst when it strikes, dealing extra damage
   to the target and all other foes adjacent to them.
 m - a +6 demon trident of venom
Missiles
 b - 6 throwing nets
 u - 16 curare-tipped darts
 z - 115 poisoned darts
Armour
 A - the +3 ring mail "Reim" (worn) {rN+ Regen+}
   (You found it on level 8 of the Dungeon)

   rN:        It protects you from negative energy.
   Regen:     It increases your rate of health regeneration.
 C - the +3 robe "Luewecid" {rElec}
   (You found it on level 10 of the Dungeon)

   rElec:     It insulates you from electricity.
 D - a +2 helmet (worn)
 F - a +2 pair of gloves (worn)
 S - a +1 cloak (worn)
Jewellery
 c - a ring of resist corrosion
 r - a ring of the Octopus King {rN+ AC+1 EV+1 Str+1 Int+1 Dex+1}
   (You bought it in a shop on level 5 of the Dungeon)

   [ring of positive energy]

   AC:        It affects your AC (+1).
   EV:        It affects your evasion (+1).
   Str:       It affects your strength (+1).
   Int:       It affects your intelligence (+1).
   Dex:       It affects your dexterity (+1).
   rN:        It protects you from negative energy.
 t - the ring "Puopu" (right hand) {Fire rCorr Int+7 Stlth+}
   (You found it in a Gauntlet)

   [ring of fire]

   It enhances your fire magic.
   Int:       It affects your intelligence (+7).
   rF:        It protects you from fire.
   rC:        It makes you vulnerable to cold.
   rCorr:     It protects you from acid and corrosion.
   Stlth:     It makes you more stealthy.
 x - an amulet of reflection
 E - the ring "Rimed" (left hand) {rElec rF+ rN++ Str+2 Dex+2}
   (You acquired it on level 12 of the Dungeon)

   [ring of protection from fire]

   Str:       It affects your strength (+2).
   Dex:       It affects your dexterity (+2).
   rF:        It protects you from fire.
   rElec:     It insulates you from electricity.
   rN:        It greatly protects you from negative energy.
 H - a ring of protection from fire
 K - the ring of Vuts {rCorr Str+6}
   (You bought it in a shop on level 2 of the Orcish Mines)

   [ring of resist corrosion]

   Str:       It affects your strength (+6).
   rCorr:     It protects you from acid and corrosion.
 Y - the amulet of Eteunoas (around neck) {Acrobat rElec rPois rF- Regen+}
   (You bought it in a shop in a bazaar)

   [amulet of the acrobat]

   It increases your evasion while moving and waiting.
   rF:        It makes you vulnerable to fire.
   rElec:     It insulates you from electricity.
   rPois:     It protects you from poison.
   Regen:     It increases your rate of health regeneration.
Wands
 g - a wand of acid (14)
 j - a wand of charming (18)
 v - a wand of flame (61)
 w - a wand of iceblast (23)
 B - a wand of polymorph (16)
 O - a wand of paralysis (52)
 U - a wand of mindburst (32)
Scrolls
 a - 6 scrolls of immolation
 f - 9 scrolls of amnesia
 k - a scroll of enchant armour
 P - a scroll of brand weapon
 T - 5 scrolls of identify
 Z - a scroll of silence
Potions
 e - 6 potions of mutation
 h - 6 potions of attraction
 i - 5 potions of brilliance
 o - a potion of curing
 p - 6 potions of might
 I - 4 potions of flight
 N - 6 potions of lignification
 V - 2 potions of ambrosia
Miscellaneous
 G - a phial of floods
 J - a phantom mirror (inert)
 L - a piece from Xom's chessboard (15/15)
 M - a lightning rod (4/4)
 Q - a piece from Xom's chessboard (15/15)


   Skills:
 * Level 18.4 Fighting
 - Level 14.0 Maces & Flails
 * Level 10.6 Armour
 * Level 10.7 Dodging
 - Level 1.2 Stealth
 - Level 3.7 Spellcasting
 - Level 11.9 Ice Magic
 - Level 16.4 Invocations


You had 13 spell levels left.
You knew the following spells:

 Your Spells              Type           Power      Damage    Failure   Level
a - Freeze                Ice            100%       1d11      1%          1
b - Frozen Ramparts       Ice            100%       1d12      1%          3
c - Ozocubu's Armour      Ice            53%        N/A       1%          3
d - Silence               Hex/Air        2%         N/A       97%         5

Your spell library contained the following spells:

 Spells                   Type           Power      Damage    Failure   Level
 Ensorcelled Hibernation  Hex/Ice        58%        N/A       1%          2
 Hailstorm                Conj/Ice       29%        3d8       9%          4
 Ice Form                 Ice/Tmut       29%        N/A       9%          4
 Summon Ice Beast         Ice/Summ       29%        N/A       9%          4
 Animate Skeleton         Necr           8%         N/A       11%         1
 Apportation              Tloc           8%         N/A       11%         1
 Beastly Appendage        Tmut           8%         N/A       11%         1
 Corona                   Hex            4%         N/A       11%         1
 Magic Dart               Conj           16%        1d3       11%         1
 Summon Small Mammal      Summ           16%        N/A       11%         1
 Call Imp                 Summ           4%         N/A       16%         2
 Corpse Rot               Necr/Air       N/A        N/A       16%         2
 Poisonous Vapours        Pois/Air       8%         N/A       16%         2
 Slow                     Hex            4%         N/A       16%         2
 Static Discharge         Conj/Air       4%         N/A       16%         2
 Metabolic Englaciation   Hex/Ice        14%        N/A       26%         5
 Call Canine Familiar     Summ           4%         N/A       32%         3
 Confusing Touch          Hex            4%         N/A       32%         3
 Dazzling Flash           Conj/Hex       8%         N/A       32%         3
 Gell's Gravitas          Tloc           2%         N/A       32%         3
 Ignite Poison            Fire/Tmut/Pois 6%         N/A       32%         3
 Mephitic Cloud           Conj/Pois/Air  4%         N/A       32%         3
 Spider Form              Tmut/Pois      2%         N/A       32%         3
 Stone Arrow              Conj/Erth      8%         3d7       32%         3
 Summon Guardian Golem    Hex/Summ       4%         N/A       32%         3
 Teleport Other           Tloc           4%         N/A       32%         3
 Vampiric Draining        Necr           2%         2d6       32%         3
 Freezing Cloud           Conj/Ice/Air   10%        6-21      52%         5
 Animate Armour           Summ/Erth      8%         N/A       73%         4
 Dispel Undead            Necr           4%         3d7       73%         4
 Sticky Flame             Conj/Fire      6%         2d3       73%         4
 Summon Lightning Spire   Summ/Air       4%         N/A       73%         4
 Simulacrum               Ice/Necr       14%        N/A       83%         6
 Agony                    Necr           4%         N/A       97%         5
 Blade Hands              Tmut           2%         N/A       97%         5
 Bolt of Magma            Conj/Fire/Erth 3%         4d5       97%         5
 Summon Forest            Summ/Tloc      2%         N/A       97%         5
 Summon Mana Viper        Hex/Summ       4%         N/A       97%         5
 Yara's Violent Unravell  Hex/Tmut       2%         3d3       97%         5
 Conjure Ball Lightning   Conj/Air       2%         3x3d6     100%        6
 Dispersal                Tloc           2%         N/A       100%        6
 Iron Shot                Conj/Erth      2%         9d2       100%        6
 Shadow Creatures         Summ           N/A        N/A       100%        6
 Statue Form              Tmut/Erth      2%         N/A       100%        6
 Malign Gateway           Summ/Tloc      2%         N/A       100%        7
 Monstrous Menagerie      Summ           2%         N/A       100%        7
 Storm Form               Tmut/Air       2%         N/A       100%        7
 Discord                  Hex            2%         N/A       100%        8
 Disjunction              Tloc           2%         N/A       100%        8
 Maxwell's Capacitive Co  Air            2%         ∞         100%        8
 Shatter                  Erth           2%         3d6*      100%        9


Dungeon Overview and Level Annotations

Branches:
Dungeon (15/15)            Temple (0/1) D:5            Lair (6/6) D:9
 Shoals (4/4) Lair:2        Snake (1/4) Lair:4        Slime (0/5) Lair:5
    Orc (2/2) D:12            Elf (3/3) Orc:2        Vaults (0/5) D:14
  Sewer (visited)           IceCv (visited)         Gauntlet (visited)
 Depths: D:15

Altars:
Ashenzari
Cheibriados
Dithmenos
Fedhas
Gozag
Hepliaklqana
Kikubaaqudgha
Nemelex Xobeh
Okawaru
Qazlal
Sif Muna
Trog
Vehumet
Wu Jian
Xom
Zin
The Shining One
Beogh
Jiyva
Lugonu

Shops:
D:5 :([*   D:7 [   Orc:1 =   Orc:2 (=*:   Elf:3 *

Portals:
Abyss: Lair:6

Annotations:
Lair:4 Get spells, harder midgamemelee
Elf:2 Timpihef's ghost, adept OpAK


Innate Abilities, Weirdness & Mutations

You are completely covered in rugged brown scales. (AC +3, +7% HP)
You have supernaturally acute eyesight. (SInv)
Armour fits poorly on your strangely shaped body.
You can roll at nearby foes to attack.
You have a long armoured tail.
You curl defensively after being hit.
Your tail ends in a poisonous barb.
You are partially covered in iridescent scales. (AC +2)
Your spells are a little easier to cast, but a little less powerful.
You expend magic power (3 MP) to strengthen your wands.
[You often lose your temper in combat.]
[You are very clumsy. (Dex -4)]
[Your body often deteriorates upon taking damage.]
[You are very frail. (-20% HP)]
[You are sometimes teleported next to monsters.]
[Potions cannot restore your health.]
[You sometimes lose the ability to read scrolls when taking damage.]


Message History

Okay, then.
Okay, then.
Unknown command.
Unknown command.
Unknown command.
Unknown command.
You open the door.
A deep elf archer and 2 deep elf zephyrmancers come into view.
A deep elf zephyrmancer is wielding a +0 long sword of holy wrath.
The deep elf zephyrmancer shouts! x2
The deep elf archer unwields a +0 dagger.
The deep elf archer wields a +0 shortbow.
The deep elf archer shoots an arrow.
The arrow hits you!
* * * LOW HITPOINT WARNING * * *
The deep elf zephyrmancer moves out of view.
Found 16 gold pieces and a scroll of noise.
Found a stone staircase leading down.
Unknown command.
Unknown command.
Found a potion of degeneration.
There is an open door here.
Unknown command.
Unknown command.
Unknown command.
The deep elf archer shoots an arrow.
The arrow barely misses you.
The arrow hits the deep elf zephyrmancer!!
The deep elf zephyrmancer misses you.
Unknown command.
Unknown command.
Unknown command.
The deep elf archer shoots an arrow.
The arrow hits you.
* * * LOW HITPOINT WARNING * * *
The deep elf zephyrmancer hits you but does no damage.
The deep elf zephyrmancer casts a spell at you.
The bolt of lightning misses you.
Unknown command.
Unknown command.
The deep elf archer shoots an arrow.
The arrow hits you!!
You feel threatened and lose the ability to read scrolls!
You die...

*,* *,* *,* *,* #
*,**######### #
*,,,,......?### ####
########****#!.....$#
#... .......#
#.......# ##.##
.....).# #..e@...#
###...#
.......#****#......e#
#...∩!.
.....$.+,,,,+.eW....#
#.#...#
.......#****##'...###
#.##.## .<....?#
##.####+** #.##.##
.......# ##.## **,**
#...... [.....$#
##.## **,** #######
.......###.## **.#* #
#+#######.## *#.#* #


You could see a deep elf archer (repels missiles), 2 deep elf zephyrmancers and
Timpihef's ghost.

Vanquished Creatures
  Jorgrun (Orc:1)
  A titan (Shoals:4)
  2 tentacled starspawn (Abyss:3)
  Kirke (Lair:5)
  Roxanne (Elf:1)
  A frost giant (D:14)
  A reaper (IceCv)
  3 very ugly things
  A deep elf demonologist (Elf:1)
  A deep elf annihilator (D:14)
  An entropy weaver (Abyss:3)
  A minotaur (Gauntlet)
  Azrael (Orc:2)
  A fire dragon (D:14)
  6 merfolk javelineers (Shoals:4)
  Josephine (Orc:2)
  10 merfolk impalers
  A yaktaur captain (D:14)
  Harold (D:8)
  4 vault guards (D:14)
  17 hydras
  3 death knights (D:14)
  4 boulder beetles
  4 merfolk avatars
  5 centaur warriors
  3 catoblepae (D:14)
  7 merfolk aquamancers
  7 dancing weapons
  5 two-headed ogres
  A naga sharpshooter (Snake:1)
  3 thrashing horrors (Lair:6)
  2 deep troll earth magi (D:14)
  A death yak (Lair:3)
  6 tengu warriors
  A soul eater (Gauntlet)
  6 orc high priests
  Nergalle (Orc:1)
  A sun demon (Abyss:3)
  8 deep elf knights
  5 skeletal warriors
  2 wretched stars
  A fire crab (shapeshifter) (Elf:3)
  3 sea snakes
  3 wizards
  2 orc knights
  6 deep elf archers
  An obsidian statue (Elf:3)
  2 phantasmal warriors (D:14)
  29 deep elf pyromancers
  21 harpies
  12 deep elf zephyrmancers
  4 oklob plants (Lair:6)
  An orc sorcerer (Orc:2)
  13 cyclopes
  10 ugly things
  16 manticores
  A worldbinder (Abyss:3)
  8 fauns
  A guardian serpent (shapeshifter) (D:14)
  10 water nymphs
  28 elephants
  A guardian serpent (Abyss:3)
  3 orange demons (D:11)
  2 naga magi (Snake:1)
  7 black mambas
  A black mamba (shapeshifter) (D:14)
  An apocalypse crab (Abyss:3)
  An ice statue (IceCv)
  3 smoke demons
  7 merfolk sirens
  5 trolls
  4 torpor snails
  Maggie (D:8)
  An unseen horror (shapeshifter) (Lair:6)
  15 cane toads
  A gargoyle (D:14)
  An unseen horror (D:11)
  A yaktaur (D:15)
  A komodo dragon (shapeshifter) (Elf:1)
  20 komodo dragons
  3 rime drakes
  A freezing wraith (D:14)
  2 kobold demonologists
  5 efreet
  An ice devil (IceCv)
  An anaconda simulacrum (IceCv)
  A hellwing (Abyss:3)
  A tengu conjurer (D:14)
  2 entropy weaver simulacra (IceCv)
  2 red devils (D:11)
  2 polar bears
  2 ancient zymes
  A meliai (shapeshifter) (D:15)
  16 merfolk
  4 meliai (D:14)
  2 hornets
  6 large abominations
  9 wind drakes
  A merfolk (shapeshifter) (Elf:2)
  27 blink frogs
  A raiju (Abyss:3)
  17 slime creatures
  8 snapping turtles
  2 meliai zombies
  16 dream sheep
  2 vampires
  A spriggan (Lair:6)
  5 air elementals
  4 ynoxinuls (Lair:6)
  A tarantella (shapeshifter) (D:14)
  53 yaks
  9 fire elementals
  7 hogs (Lair:5)
  16 water elementals
  8 wraiths
  A hog (shapeshifter) (D:14)
  8 wyverns
  18 basilisks
  7 vampire mosquitoes
  A steam dragon (D:9)
  5 wargs
  An acid dragon (D:11)
  A harpy simulacrum (IceCv)
  A naga (Snake:1)
  A hell hound (Orc:2)
  25 water moccasins
  30 orc warriors
  A sky beast (D:7)
  2 black bears
  A boggart (D:14)
  7 necrophages
  6 ogres
  4 centaurs
  28 wolves
  Blork the orc (D:6)
  A phantom (D:5)
  7 kobold brigands
  13 bullfrogs
  3 earth elementals (Elf:1)
  6 two-headed ogre simulacra (IceCv)
  2 scorpions
  5 cane toad simulacra (IceCv)
  A gnoll sergeant (D:8)
  A wyvern skeleton (D:4)
  18 small abominations
  3 elephant simulacra (IceCv)
  9 killer bees (D:9)
  6 howler monkeys
  4 wights (D:6)
  3 electric eels (Lair:2)
  A crimson imp (Gauntlet)
  3 bullfrog zombies
  A starcursed mass (Abyss:3)
  2 centaur zombies
  2 quasits (Abyss:3)
  A hound (D:6)
  2 jellies
  2 gnoll shamans
  29 orc priests
  A bullfrog skeleton (D:6)
  42 orc wizards
  2 iguanas
  3 spriggan simulacra (IceCv)
  11 troll simulacra (IceCv)
  2 wolf simulacra (IceCv)
  A mummy (D:5)
  A hound skeleton (D:4)
  2 howler monkey skeletons (D:6)
  8 gnolls
  12 adders
  6 naga simulacra (IceCv)
  5 shadow imps
  12 white imps
  2 ufetubi (IceCv)
  2 worms
  82 orcs
  8 endoplasms
  2 giant cockroaches (D:3)
  5 goblins
  5 hobgoblins
  9 jackals (Sewer)
  3 quokkas
  10 ball pythons
  3 bats (D:2)
  5 frilled lizards
  37 kobolds
  2 orc zombies (D:5)
  3 rats
  4 starspawn tentacles (Abyss:3)
1183 creatures vanquished.

Vanquished Creatures (collateral kills)
  A swamp dragon (shapeshifter) (D:15)
  A cyclops (D:15)
  A troll (D:11)
  4 slime creatures (D:15)
  An orc (D:3)
  A goblin (D:3)
9 creatures vanquished.

Vanquished Creatures (others)
  A deep elf zephyrmancer (Elf:2)
  A cyclops (D:11)
  A slime creature (D:14)
  2 yaks (D:9)
  A fire elemental (Orc:2)
  An orc priest (Orc:2)
  An orc (Orc:2)
  65 fungi
  A lurking horror (Abyss:3)
  117 plants
  7 starspawn tentacles (Abyss:3)
  A withered plant (Gauntlet)
199 creatures vanquished.

Grand Total: 1391 creatures vanquished

Notes
Turn   | Place    | Note
-------+----------+-------------------------------------------
     0 | D:1      | Amplified the Palentonga Ice Elementalist began the quest
                  | for the Orb.
     0 | D:1      | Reached XP level 1. HP: 13/13 MP: 3/3
   192 | D:1      | Reached skill level 1 in Fighting
   199 | D:1      | Reached XP level 2. HP: 12/22 MP: 0/5
  1244 | D:2      | Reached XP level 3. HP: 23/28 MP: 2/6
  1285 | D:2      | Learned a level 3 spell: Frozen Ramparts
  1461 | D:2      | Reached skill level 2 in Fighting
  2155 | D:2      | Reached XP level 4. HP: 35/36 MP: 3/7
  2373 | D:3      | Found a faded altar of an unknown god.
  2373 | D:3      | Noticed a kobold brigand
  2374 | D:3      | Found a hazy altar of Hepliaklqana.
  2384 | D:3      | Killed a kobold brigand
  2399 | D:3      | Became a worshipper of the Shining One
  2399 | D:3      | Reached * piety under the Shining One
  2495 | D:3      | Noticed a water moccasin
  2505 | D:3      | Reached XP level 5. HP: 37/41 MP: 9/9
  2717 | D:3      | Found a faded altar of an unknown god.
  2742 | D:3      | Learned a level 3 spell: Ozocubu's Armour
  3015 | D:3      | Reached skill level 1 in Invocations
  3372 | D:3      | Killed a water moccasin
  3373 | D:3      | Reached skill level 3 in Fighting
  3373 | D:3      | Reached XP level 6. HP: 27/50 MP: 4/11
  3814 | D:3      | Found a stormy altar of Qazlal.
  3816 | D:3      | Found a bloodstained altar of Trog.
  3818 | D:3      | Found a blossoming altar of Fedhas.
  3819 | D:3      | Found a shimmering altar of Xom.
  4030 | D:4      | Found the +6 shillelagh "Devastator" {shatter}
  4156 | D:4      | Found an iron altar of Okawaru.
  4181 | D:4      | Reached skill level 1 in Maces & Flails
  4528 | D:4      | Gained mutation: You curl defensively after being hit.
                  | [Palentonga growth]
  4528 | D:4      | Reached XP level 7. HP: 52/56 MP: 12/12
  5048 | D:5      | Entered Level 5 of the Dungeon
  5051 | D:5      | Found a staircase to the Ecumenical Temple.
  5065 | D:5      | Found Akuudoug's Assorted Antiques.
  5068 | D:5      | Bought a ring of the Octopus King for 110 gold pieces
  5068 | D:5      | Found the ring of the Octopus King {rN+ AC+1 EV+1 Str+1
                  | Int+1 Dex+1}
  5068 | D:5      | Found the ring of the Octopus King {rN+ AC+1 EV+1 Str+1
                  | Int+1 Dex+1}
  5068 | D:5      | Bought a scroll labelled ZADUASCH TEGOSA for 22 gold pieces
  5068 | D:5      | Bought a metallic coppery potion for 19 gold pieces
  5068 | D:5      | Bought a metallic yellow potion for 19 gold pieces
  5072 | D:5      | Found a glowing silver altar of Zin.
  5082 | D:5      | Reached skill level 4 in Fighting
  5138 | D:5      | Found Isunoq's Antique Weapon Emporium.
  5164 | D:5      | Found a sparkling altar of Nemelex Xobeh.
  5166 | D:5      | Found a sand-covered staircase.
  5197 | D:5      | Reached ** piety under the Shining One
  5223 | D:5      | Found Dukh's Antique Armour Boutique.
  5333 | D:5      | Found an ancient bone altar of Kikubaaqudgha.
  5465 | D:5      | Found a glowing drain.
  5476 | Sewer    | Entered a sewer
  6087 | D:5      | Found Menuiwk's Book Boutique.
  6516 | D:6      | Reached skill level 5 in Fighting
  6516 | D:6      | Reached XP level 8. HP: 48/66 MP: 13/13
  6647 | D:6      | Reached skill level 5 in Invocations
  6651 | D:6      | Noticed Blork the orc
  6735 | D:6      | Gained mutation: You expend magic power (3 MP) to
                  | strengthen your wands. [potion of mutation]
  6735 | D:6      | Gained mutation: Your spells are a little easier to cast,
                  | but a little less powerful. [potion of mutation]
  6735 | D:6      | Gained mutation: Your tail ends in a poisonous barb.
                  | [potion of mutation]
  6735 | D:6      | Gained mutation: You are partially covered in iridescent
                  | scales. (AC +2) [potion of mutation]
  6741 | D:6      | Killed Blork the orc
  6888 | D:6      | Reached *** piety under the Shining One
  7648 | D:7      | Reached skill level 6 in Fighting
  7806 | D:7      | Found Maucis's Armour Shop.
  7814 | D:7      | Reached skill level 5 in Maces & Flails
  8159 | D:7      | Found a shimmering blue altar of Sif Muna.
  8367 | D:7      | Found an ornate altar of the Wu Jian Council.
  8749 | D:8      | Found a snail-covered altar of Cheibriados.
  8749 | D:8      | Noticed a torpor snail
  8750 | D:8      | Noticed a torpor snail
  8750 | D:8      | Noticed a torpor snail
  8856 | D:8      | Reached XP level 9. HP: 75/75 MP: 14/14
  8875 | D:8      | Identified the +3 ring mail "Reim" {rN+ Regen+}
  9247 | D:8      | Noticed a cyclops
  9334 | D:9      | Reached skill level 7 in Fighting
  9634 | D:9      | Reached skill level 8 in Fighting
  9732 | D:9      | Reached XP level 10. HP: 39/85 MP: 1/16
 10139 | D:9      | Noticed a two-headed ogre
 10156 | D:9      | Killed a two-headed ogre
 10294 | D:9      | Noticed a two-headed ogre
 10305 | D:9      | Killed a two-headed ogre
 10306 | D:9      | Reached skill level 9 in Fighting
 10311 | D:9      | Found a staircase to the Lair.
 10484 | D:9      | Found a shadowy altar of Dithmenos.
 10602 | D:10     | Entered Level 10 of the Dungeon
 10761 | D:10     | Identified the +3 robe "Luewecid" {rElec}
 11228 | D:10     | Noticed a manticore
 11238 | D:10     | Killed a manticore
 11239 | D:10     | Reached skill level 10 in Invocations
 11839 | D:11     | Noticed a cyan ugly thing
 11851 | D:11     | Killed a cyan ugly thing
 11852 | D:11     | Reached XP level 11. HP: 80/96 MP: 9/18
 11886 | D:11     | Reached skill level 10 in Fighting
 12237 | D:11     | Noticed a two-headed ogre
 12252 | D:11     | Killed a two-headed ogre
 12340 | D:11     | Reached skill level 10 in Maces & Flails
 12565 | D:11     | Noticed a two-headed ogre
 12572 | D:11     | Killed a two-headed ogre
 12772 | D:11     | Noticed a skeletal warrior
 12772 | D:11     | Reached **** piety under the Shining One
 12785 | D:11     | Killed a skeletal warrior
 12786 | D:11     | Noticed a skeletal warrior
 12794 | D:11     | Killed a skeletal warrior
 12795 | D:11     | Noticed a skeletal warrior
 12805 | D:12     | Reached skill level 11 in Fighting
 12879 | D:12     | Noticed a two-headed ogre
 12885 | D:12     | Killed a two-headed ogre
 12983 | D:11     | Killed a skeletal warrior
 12984 | D:11     | Reached XP level 12. HP: 95/107 MP: 13/20
 13347 | D:12     | Noticed a five-headed hydra
 13354 | D:12     | Killed a five-headed hydra
 13459 | D:13     | Noticed a boulder beetle
 13463 | D:13     | Noticed a centaur warrior
 13466 | D:13     | Noticed an eight-headed hydra
 13693 | D:12     | Found a staircase to the Orcish Mines.
 13774 | D:12     | Identified a scroll of acquirement
 13774 | D:12     | Acquired the ring "Rimed" {rElec rF+ rN++ Str+2 Dex+2}
 14123 | Lair:1   | Entered Level 1 of the Lair of Beasts
 14133 | Lair:1   | Noticed a four-headed hydra
 14145 | Lair:1   | Killed a four-headed hydra
 14146 | Lair:1   | Reached skill level 12 in Fighting
 14209 | Lair:1   | Noticed a seven-headed hydra
 14218 | Lair:1   | Killed a seven-headed hydra
 14259 | Lair:1   | You fall into a shaft and drop 1 floor!
 14413 | Lair:1   | Found a frozen archway.
 14429 | IceCv    | Entered an ice cave
 14699 | IceCv    | Reached ***** piety under the Shining One
 14859 | IceCv    | Reached XP level 13. HP: 116/116 MP: 22/22
 15140 | IceCv    | Reached ****** piety under the Shining One
 15249 | IceCv    | Noticed a reaper
 15260 | IceCv    | Killed a reaper
 15340 | IceCv    | Identified the +11 spear of Hisejor {venom, rC- Will+
                  | Int+5}
 15428 | Lair:1   | Reached skill level 5 in Ice Magic
 16364 | Lair:2   | Found a staircase to the Shoals.
 17330 | Lair:2   | Reached skill level 13 in Fighting
 17330 | Lair:2   | Reached XP level 14. HP: 126/126 MP: 24/24
 17596 | Lair:3   | Reached XP level 15. HP: 132/132 MP: 25/25
 18123 | Lair:4   | Noticed Rupert
 18158 | Lair:4   | You fall into a shaft and drop 2 floors!
 18158 | Lair:6   | Entered Level 6 of the Lair of Beasts
 18321 | Lair:6   | Reached skill level 15 in Invocations
 18538 | Lair:6   | Found an iron altar of Okawaru.
 18553 | Lair:6   | Reached skill level 10 in Ice Magic
 18620 | Lair:6   | Reached skill level 14 in Fighting
 19057 | Lair:6   | Found a corrupted altar of Lugonu.
 19057 | Lair:6   | Found a one-way gate to the infinite horrors of the Abyss.
 19954 | Lair:5   | Noticed Kirke
 19968 | Lair:5   | Killed Kirke
 19989 | Lair:5   | Found a staircase to the Slime Pits.
 19991 | Lair:5   | Found a viscous altar of Jiyva.
 20475 | Lair:4   | Reached XP level 16. HP: 135/143 MP: 21/28
 20693 | Lair:4   | Found a staircase to the Snake Pit.
 21163 | Orc:1    | Entered Level 1 of the Orcish Mines
 21166 | Orc:1    | Noticed Jorgrun
 21180 | Orc:1    | Killed Jorgrun
 21334 | Orc:2    | Entered Level 2 of the Orcish Mines
 21430 | Orc:2    | Reached skill level 15 in Fighting
 21480 | Orc:2    | Noticed Josephine
 21493 | Orc:2    | Killed Josephine
 21509 | Orc:2    | Reached skill level 1 in Armour
 21534 | Orc:2    | Found Jusee's Assorted Antiques.
 21534 | Orc:2    | Found Vuntirch's Book Shop.
 21535 | Orc:2    | Found Sozxyrghipso's Jewellery Boutique.
 21541 | Orc:2    | Found Geveppuc's Antique Weapon Boutique.
 21557 | Orc:2    | Bought a potion of curing for 60 gold pieces
 21559 | Orc:2    | Bought the ring of Vuts {rCorr Str+6} for 633 gold pieces
 21683 | Orc:2    | Found a staircase to the Elven Halls.
 21735 | Orc:2    | Noticed Azrael
 21755 | Orc:2    | Killed Azrael
 22145 | Orc:1    | Noticed Nergalle
 22156 | Orc:1    | Killed Nergalle
 22394 | Orc:1    | Found Lebus's Jewellery Emporium.
 24283 | D:15     | Entered Level 15 of the Dungeon
 24368 | D:15     | Found a radiant altar of Vehumet.
 24478 | D:14     | Found a gate leading to a gauntlet.
 24488 | Gauntlet | Entered a Gauntlet
 24488 | Gauntlet | Found a transporter.
 24552 | Gauntlet | Found a transporter.
 24561 | Gauntlet | Found a runed translucent door.
 24563 | Gauntlet | Found a transporter.
 24565 | Gauntlet | Found a transporter.
 24575 | Gauntlet | Found a transporter.
 24591 | Gauntlet | Found a transporter.
 24602 | Gauntlet | Found a transporter.
 24612 | Gauntlet | Found a transporter.
 24631 | Gauntlet | Found a transporter.
 24636 | Gauntlet | Found a transporter.
 24639 | Gauntlet | Found a transporter.
 24685 | Gauntlet | Found a transporter.
 24699 | Gauntlet | Found a transporter.
 24711 | Gauntlet | Found a transporter.
 24846 | Gauntlet | Reached skill level 5 in Dodging
 24891 | Gauntlet | Identified the ring "Puopu" {Fire rCorr Int+7 Stlth+}
 25035 | D:14     | Reached skill level 5 in Armour
 25090 | D:14     | Reached skill level 16 in Fighting
 25217 | D:14     | Found a gate to the Vaults.
 25250 | D:14     | Found a broken altar of Ashenzari.
 25310 | D:14     | Reached XP level 17. HP: 154/154 MP: 29/29
 25882 | D:14     | Identified the +1 hat of Roepop {rPois rF- Int+4}
 27416 | D:8      | Noticed Maggie
 27424 | D:8      | Killed Maggie
 27475 | D:8      | Noticed Harold
 27483 | D:8      | Killed Harold
 27761 | D:5      | Bought a pair of gloves for 117 gold pieces
 27772 | D:5      | Learned a level 5 spell: Silence
 27974 | Snake:1  | Entered Level 1 of the Snake Pit
 28160 | Shoals:1 | Entered Level 1 of the Shoals
 29202 | Shoals:3 | Reached skill level 17 in Fighting
 29332 | Shoals:4 | Entered Level 4 of the Shoals
 29613 | Shoals:4 | Paralysed by an air elemental for 1 turns
 29778 | Shoals:4 | Reached XP level 18. HP: 165/165 MP: 30/30
 30419 | Shoals:4 | Got a barnacled rune of Zot
 31611 | Elf:1    | Entered Level 1 of the Elven Halls
 31618 | Elf:1    | Paralysed by an air elemental for 1 turns
 31951 | Elf:1    | Reached skill level 18 in Fighting
 31952 | Elf:1    | Noticed a Hell Sentinel
 31959 | Elf:1    | Reached skill level 10 in Dodging
 32353 | Elf:1    | Paralysed by an air elemental for 1 turns
 32373 | Elf:1    | Reached skill level 10 in Armour
 32568 | Elf:1    | Identified Roxanne's Collected Works on Moulding
 32568 | Elf:1    | Noticed Roxanne
 32584 | Elf:1    | Killed Roxanne
 32622 | Elf:1    | Got the Reference Book on Companions
 32790 | Elf:2    | Paralysed by an air elemental for 1 turns
 33086 | Elf:2    | Found a gateway to a bazaar.
 33096 | Bazaar   | Entered a bazaar
 33110 | Bazaar   | Found Baady's Assorted Antiques.
 33110 | Bazaar   | Found Odux's General Store.
 33132 | Bazaar   | Found Usmiosto's Assorted Antiques.
 33148 | Bazaar   | Found Sosisot's Weapon Shoppe.
 33164 | Bazaar   | Found Toza's Jewellery Emporium.
 33239 | Bazaar   | Bought a potion of heal wounds for 85 gold pieces
 33239 | Bazaar   | Bought a scroll of enchant armour for 127 gold pieces
 33239 | Bazaar   | Bought a wand of mindburst (13) for 68 gold pieces
 33253 | Bazaar   | Bought a potion of curing for 45 gold pieces
 33253 | Bazaar   | Bought a potion of resistance for 150 gold pieces
 33253 | Bazaar   | Bought a potion of might for 60 gold pieces
 33253 | Bazaar   | Bought a scroll of identify for 30 gold pieces
 33259 | Bazaar   | Bought a scroll of magic mapping for 108 gold pieces
 33259 | Bazaar   | Bought a scroll of fear for 108 gold pieces
 33259 | Bazaar   | Bought a scroll of identify for 62 gold pieces
 33259 | Bazaar   | Bought 2 potions of flight for 186 gold pieces
 33305 | Bazaar   | Bought the amulet of Eteunoas {Acrobat rElec rPois rF-
                  | Regen+} for 494 gold pieces
 33384 | Elf:3    | Entered Level 3 of the Elven Halls
 33384 | Elf:3    | Found a runed translucent gate.
 33384 | Elf:3    | Found a runed translucent gate.
 33384 | Elf:3    | Found a runed translucent gate.
 33384 | Elf:3    | Found an opulent altar of Gozag.
 33385 | Elf:3    | Noticed Timpihef's ghost (adept OpAK)
 33386 | Elf:3    | Found Kajeeput's Assorted Antiques.
 33395 | Elf:3    | Reached XP level 19. HP: 156/174 MP: 21/31
 33397 | Elf:3    | Cast into level 3 of the Abyss (Timpihef's ghost)
 33443 | Elf:3    | Escaped the Abyss
 33471 | Elf:3    | Cast into level 3 of the Abyss (Timpihef's ghost)
 33626 | Abyss:3  | Paralysed by accursed screaming for 1 turns
 33671 | Elf:3    | Escaped the Abyss
 33693 | Elf:2    | HP: 5/142 [deep elf archer/arrow (5)]
 33694 | Elf:2    | Shot with an arrow by a deep elf archer

Illustrated notes

Levels and vault maps discovered:
D:1:      dpeg_arrival_pond, layout_basic, minmay_misc_feat_doors,
          minmay_tetromino_i4
D:2:      layout_basic, minmay_fractal_squares_gapless_5
D:3:      layout_loops_corners, beargit_hepliaklqana_dungeon_heroes, minitemple,
          ebering_ecumenical_altar_webs, skrybe_limestone_x,
          kennysheep_orc_chapel
D:4:      layout_loops_corners, okawaru_metal_pillars_1_2
D:5:      layout_cave_pools, zin_academy, mainiacjoe_overflow_chevrons,
          mainiacjoe_overflow_alcove_2, minmay_temple_entry_large_hall,
          serial_shops, kennysheep_mini, nicolae_shop_overgrown_old_shop,
          nicolae_shop_window_shopping, nicolae_take_the_stairs,
          nicolae_ossuary_entry_giza, portal_sewer_entry_b
D:6:      layout_basic, uniq_blork_the_orc
D:7:      layout_basic, lemuel_round_altar, general_overflow_altar,
          serial_shops, nicolae_square_shop, item_on_display_b
D:8:      layout_basic, cheibriados_altar_2, minmay_alternating_orb,
          uniq_maggie, uniq_harold
D:9:      layout_rooms, mainiacjoe_overflow_catwalk,
          grunt_lair_entry_orc_guard_hut
D:10:     layout_loops_corners
D:11:     kennysheep_spiral_hall, layout_loops_ring, nrook_pool_corridor,
          minmay_beelzebubs_servants
D:12:     layout_basic, orc_0_dummy, hangedman_decor_diamond_cutter
D:13:     cheibrodos_lost_city_excavation, layout_layer_cave
D:14:     kennysheep_snake, layout_cave_pools,
          lightli_vaults_fourway_checkpoint, gauntlet_entry_generic,
          ashenzari_altar_1, minivault_27, grunt_potential
D:15:     grunt_enter_depths_snipers, layout_long_grid, fedhas_altar_fruit_tree,
          serial_shops, shop, nicolae_vehumet_altar_sigil
Lair:1:   layout_small_grid, portal_ice_cave_entry_pillars_1
Lair:2:   nzn_winding_woodlands_huge [nzn_winding_woodlands_5x15_pool,
          nzn_winding_woodlands_5x15_parted, nzn_winding_woodlands_5x15_pockets,
          nzn_winding_woodlands_5x15_concentric,
          nzn_winding_woodlands_5x15_longhouse,
          nzn_winding_woodlands_5x15_jagged,
          nzn_winding_woodlands_5x15_sawtooth,
          nzn_winding_woodlands_5x15_crooked, nzn_winding_woodlands_5x15_garden,
          nzn_winding_woodlands_5x15_twine,
          nzn_winding_woodlands_center_pierced_h,
          nzn_winding_woodlands_center_triple_pond,
          nzn_winding_woodlands_15x15_eel_pit], layout_chaotic_city,
          elwin_shoals_entry_rooms
Lair:3:   layout_gridlike, grunt_forest_large_clearings, serial_bayou_shore_b
Lair:4:   layout_cave_pods, minmay_snake_entry_six_corridors,
          infiniplex_staircase_pool_2, uniq_rupert
Lair:5:   layout_roguey, slime_altar_1, roderic_carrion_pond, uniq_kirke
Lair:6:   hellmonk_lair_end_abyssal_woods, layout_regular_city, basic_altar,
          hibernation_bobbens, minmay_lair_oklob_chamber
Shoals:1: layout_shoals
Shoals:2: layout_shoals
Shoals:3: layout_shoals, nicolae_shoals_aquamancer_cove, uniq_ilsuiw
Shoals:4: shoals_end_hellmonk_storm_palace [storm_palace_center_ruins,
          storm_palace_corner_grid, storm_palace_corner_grid,
          storm_palace_corner_blocked, storm_palace_corner_pillars],
          serial_shops
Snake:1:  layout_misc_corridors, serial_shops, shop_scrolls, grunt_megastairs_3,
          serial_bayou_shore_b
Orc:1:    layout_diamond_mine, serial_shops, nicolae_lakefront_shop,
          uniq_nergalle, uniq_jorgrun
Orc:2:    st_orc_mages, layout_caves, uniq_azrael, uniq_josephine
Elf:1:    eino_elf_arrival_shootout, layout_loops_corners,
          minmay_elf_demonology, uniq_roxanne
Elf:2:    elven_hall_of_blades_hangedman_alternative [nicolae_blade_bullseye],
          layout_geoelf_grid, serial_shops, bzr_entry_gold
Elf:3:    minmay_elf_hall_quartered_circle, layout_onion_city, serial_shops,
          shop, ebering_ghost_gozag, basic_altar

Skill      XL: |  1  2  3  4  5  6  7  8  9 10 11 12 13 14 15 16 17 18 |
---------------+-------------------------------------------------------+-----
Fighting       | 1 2 3 5 6 8 9 11 12 13 14 16 17 18 | 18.4
Spellcasting   | 3 |  3.7
Ice Magic      | 4 7 8 11 | 11.9
Invocations    | 2 3 4 6 8 10 11 13 14 16 | 16.4
Maces & Flails | 1 3 5 7 9 10 12 13 14 | 14.0
Dodging        | 5 8 10 | 10.7
Armour         | 5 8 10 | 10.6
Stealth        | |  1.2

Action                   |  1- 3 |  4- 6 |  7- 9 | 10-12 | 13-15 | 16-18 | 19-21 || total
-------------------------+-------+-------+-------+-------+-------+-------+-------++-------
Melee: Short sword       |    39 |    34 |       |       |       |       |       ||    73
       Unarmed           |     4 |       |       |       |       |     1 |       ||     5
       Tailslap          |     7 |     8 |    19 |    30 |    86 |   207 |     8 ||   365
       Shillelagh        |       |    27 |   203 |   312 |   606 |  1220 |    91 ||  2459
       Spear             |       |       |       |       |       |     9 |       ||     9
 Cast: Freeze            |    22 |       |       |       |       |       |       ||    22
       Frozen Ramparts   |     7 |     7 |     3 |    24 |     4 |     7 |       ||    52
       Ozocubu's Armour  |       |     2 |     4 |    23 |     9 |     6 |       ||    44
Invok: Divine Shield     |       |       |     2 |    16 |    10 |    12 |     1 ||    41
       Cleansing Flame   |       |       |       |       |     8 |    74 |     9 ||    91
       Summon Divine War |       |       |       |       |       |     1 |       ||     1
 Abil: Rolling Charge    |       |       |       |       |       |     1 |       ||     1
Evoke: Wand              |       |     2 |     3 |     7 |       |    12 |       ||    24
       Phial of floods   |       |       |       |       |     1 |     1 |       ||     2
       Phantom mirror    |       |       |       |       |       |       |     1 ||     1
       Piece from Xom's  |       |       |       |       |       |       |     1 ||     1
  Use: Scroll            |     1 |     3 |     9 |     8 |     8 |    26 |     3 ||    58
       Potion            |       |     1 |     4 |     1 |     5 |    14 |     8 ||    33
 Stab: Sleeping          |     2 |       |       |       |       |       |       ||     2
Armor: Robe              |    25 |    26 |    60 |    16 |       |       |       ||   127
       Ring mail         |       |       |       |    97 |   229 |   570 |    66 ||   962
Dodge: Dodged            |    26 |    34 |   101 |    95 |   151 |   431 |    59 ||   897
Block: Other             |       |       |    32 |   147 |   169 |   348 |    25 ||   721
       Reflection        |       |       |     1 |     5 |     1 |    28 |       ||    35
